 Dungeon Crawl Stone Soup version 0.28-a0-199-g298df9dbad (webtiles) character file.

Game seed: 6284006866296128043

46246 Ezendos the Covert (level 14, -3/110 HPs)
             Began as a Gnoll Brigand on Aug 19, 2021.
             Was the Champion of Lugonu.
             Succumbed to a swamp dragon's poison gas
             ... on level 5 of the Lair of Beasts.
             The game lasted 00:46:01 (15656 turns).

Ezendos the Covert (Gnoll Brigand)                 Turns: 15656, Time: 00:46:01

Health: -3/110     AC: 25    Str: 31    XL:     14   Next: 36%
Magic:  18/18      EV: 14    Int: 10    God:    Lugonu [******]
Gold:   751        SH: 11    Dex: 13    Spells: 27/31 levels left

rFire   + . .      SeeInvis .   G - +1 scimitar (flame)
rCold   . . .      Faith    .   b - +0 kite shield
rNeg    . . .      Spirit   .   M - +4 plate armour {rF+}
rPois   .          Reflect  .   i - +1 helmet
rElec   +          Harm     .   c - +0 cloak
rCorr   +          Rampage  .   N - +1 pair of gloves of the Onion {Str+4 Int+2}
Will    +....                   y - +0 pair of boots
Stlth   ..........              g - amulet of regeneration
HPRegen 1.28/turn               p - ring of Odauhixt {rElec rCorr MP-9 Str+10 Int-2}
MPRegen 0.16/turn               E - +4 ring of evasion

@: lethally poisoned (-3 -> -56)
A: fangs 1, strong nose, distributed training
a: Renounce Religion, Depart the Abyss, Bend Space, Banish, Corrupt, Enter the
Abyss, Brand Weapon With Distortion


You were on level 5 of the Lair of Beasts.
You worshipped Lugonu.
Lugonu was exalted by your worship.
You visited 4 branches of the dungeon, and saw 19 of its levels.
You also visited: Volcano.

You collected 968 gold pieces.
You spent 217 gold pieces at shops.

Inventory:

Hand Weapons
 f - a +2 executioner's axe of flaming
 s - a +1 vorpal hand crossbow
 w - a +5 dagger of electrocution
 G - a +1 scimitar of flaming (weapon)
Missiles
 d - 37 poisoned darts (quivered)
 m - 53 sling bullets
 o - 2 throwing nets
 t - 3 curare-tipped darts
 B - 104 bolts
 O - 5 javelins
Armour
 b - a +0 kite shield (worn)
 c - a +0 cloak (worn)
 i - a +1 helmet (worn)
 y - a +0 pair of boots (worn)
 J - +0 acid dragon scales
 M - a +4 plate armour of fire resistance (worn)
 N - the +1 pair of gloves of the Onion (worn) {Str+4 Int+2}
   (You found it in a volcano)

   Str:       It affects your strength (+4).
   Int:       It affects your intelligence (+2).
Magical Staves
 q - a staff of fire
Jewellery
 g - an amulet of regeneration (around neck)
 j - a ring of ice
 p - the ring of Odauhixt (left hand) {rElec rCorr MP-9 Str+10 Int-2}
   (You took it off a centaur on level 7 of the Dungeon)

   [ring of resist corrosion]

   Str:       It affects your strength (+10).
   Int:       It affects your intelligence (-2).
   rElec:     It insulates you from electricity.
   MP:        It affects your magic capacity (-9).
   rCorr:     It protects you from acid and corrosion.
 x - the ring of Cuggot {+Blink rF++ rC- Str+6 Int+3}
   (You found it on level 7 of the Dungeon)

   [ring of strength]

   Str:       It affects your strength (+6).
   Int:       It affects your intelligence (+3).
   rF:        It greatly protects you from fire.
   rC:        It makes you vulnerable to cold.
   +Blink:    It lets you blink.
 E - a +4 ring of evasion (right hand)
 P - a ring of flight
Wands
 a - a wand of polymorph (18)
 e - a wand of flame (59)
 v - a wand of paralysis (13)
 U - a wand of acid (6)
Scrolls
 l - 4 scrolls of teleportation
 r - a scroll of identify
 L - 2 scrolls of fog
 Q - a scroll of brand weapon
 R - 2 scrolls of immolation
Potions
 h - a potion of lignification
 k - a potion of flight
 n - 2 potions of heal wounds
 u - a potion of resistance
 z - a potion of invisibility
 A - 2 potions of magic
 C - a potion of haste
 D - 4 potions of brilliance
 F - a potion of curing
 H - a potion of cancellation
 K - a potion of might
Miscellaneous
 T - a phantom mirror


   Skills:
 + Level 10.3 Fighting
 + Level 10.3 Short Blades
 + Level 9.2 Long Blades
 + Level 9.2 Axes
 + Level 9.2 Maces & Flails
 + Level 9.2 Polearms
 + Level 9.2 Staves
 + Level 9.2 Slings
 + Level 9.2 Bows
 + Level 9.2 Crossbows
 + Level 10.3 Throwing
 + Level 9.2 Armour
 + Level 9.6 Dodging
 + Level 11.8 Stealth
 + Level 9.2 Shields
 + Level 9.2 Unarmed Combat
 + Level 9.2 Spellcasting
 + Level 7.7 Conjurations
 + Level 7.7 Hexes
 + Level 7.7 Summonings
 + Level 7.7 Necromancy
 + Level 7.7 Translocations
 + Level 7.7 Transmutations
 + Level 7.7 Fire Magic
 + Level 7.7 Ice Magic
 + Level 7.7 Air Magic
 + Level 7.7 Earth Magic
 + Level 7.7 Poison Magic
 + Level 10.1 Invocations
 + Level 9.2 Evocations


You had 27 spell levels left.
You knew the following spells:

 Your Spells              Type           Power      Damage    Failure   Level
a - Corpse Rot            Necr/Air       N/A        N/A       14%         2
b - Poisonous Vapours     Pois/Air       40%        N/A       14%         2

Your spell library contained the following spells:

 Spells                   Type           Power      Damage    Failure   Level
 Sublimation of Blood     Necr           10%        N/A       14%         2
 Wereblood                Tmut           20%        N/A       14%         2
 Stone Arrow              Conj/Erth      40%        3d9       28%         3
 Summon Guardian Golem    Hex/Summ       20%        N/A       28%         3
 Bolt of Magma            Conj/Fire/Erth 10%        4d7       95%         5
 Freezing Cloud           Conj/Ice/Air   10%        6-21      95%         5
 Orb of Destruction       Conj           10%        9d5       100%        7
 Spellforged Servitor     Conj/Summ      10%        N/A       100%        7
 Summon Hydra             Summ           10%        N/A       100%        7
 Shatter                  Erth           10%        3d11*     100%        9


Dungeon Overview and Level Annotations

Branches:
Dungeon (11/15)            Temple (1/1) D:7            Lair (6/6) D:11
  Swamp (0/4) Lair:2       Spider (0/4) Lair:3        Slime (0/5) Lair:5
    Orc (1/2) D:11        Volcano (visited)

Altars:
Dithmenos
Lugonu

Shops:
D:6 *

Annotations:
D:7 3 runed translucent doors
D:9 2 transporters, 2 runed translucent doors, RandomHacker's ghost, journeyman DrFE
D:10 exclusion: manticore


Innate Abilities, Weirdness & Mutations

You have very sharp teeth.
Your uncanny sense of smell can sniff out nearby items.
Your experience applies equally to all skills.


Message History

The swamp dragon closely misses you.
You hit the swamp dragon but do no damage.
The swamp dragon is severely wounded.
You are engulfed in poison gas.
You are more poisoned.
You feel extremely sick. The swamp dragon closely misses you.
The swamp dragon claws you but does no damage.
The swamp dragon tramples you.
You stumble backwards!
You barely miss the swamp dragon.
The swamp dragon is severely wounded.
You are engulfed in poison gas.
You are more poisoned.
You feel extremely sick. The swamp dragon bites you.
You block the swamp dragon's attack.
The swamp dragon tramples you but does no damage.
You closely miss the swamp dragon.
The swamp dragon is severely wounded.
You are engulfed in poison gas.
You are lethally poisoned!
* * * LOW HITPOINT WARNING * * *
You feel extremely sick.
The vampire mosquito buzzes angrily.
The swamp dragon barely misses you. You block the swamp dragon's attack.
The swamp dragon tramples you.
* * * LOW HITPOINT WARNING * * *
You stumble backwards!
You hit the swamp dragon. You burn the swamp dragon.
The swamp dragon is severely wounded.
* * * LOW HITPOINT WARNING * * *
You feel extremely sick.
The swamp dragon breathes poison at you.
The blast of poison engulfs you but does no damage.
You are more poisoned.
You slash the swamp dragon! You burn the swamp dragon.
The swamp dragon is almost dead.
You are engulfed in poison gas.
You are more poisoned.
* * * LOW HITPOINT WARNING * * *
You die...

.PP..P..............P.....##..#..
.P≈≈†P............P....#..##.....
.P≈≈≈P.#..................##.....
.P≈≈≈P.............#.#.P..##.....
.P≈≈≈..#.....###....##.##.##.....
.P≈≈≈..#.......#...##..P.<.......
.................................
.P.P......##...☼D☼☼..............
..............°§@y........#......
..............##○☼.#.#...P.......
.............###....##...........
...............#...##............
.................................
.................................
.....................#.##".......
................P...#####.P......
....................# ##........


You could see a swamp dragon (catching breath) and a vampire mosquito.

Vanquished Creatures
  Josephine (D:9)
  Fannar (D:11)
  5 hydras
  A catoblepas (Lair:3)
  6 two-headed ogres
  Urug (Lair:2)
  9 elephants
  A salamander (Volcano)
  3 cyclopes
  An ice statue (Lair:2)
  5 black mambas
  15 cane toads
  A rime drake (Lair:2)
  An unseen horror (D:7)
  Psyche (D:11)
  A freezing wraith (Lair:2)
  6 komodo dragons
  An efreet (D:10)
  A troll (D:11)
  A hornet (D:8)
  3 polar bears
  16 blink frogs
  A slime creature (Lair:5)
  Prince Ribbit (D:5)
  Grinder (D:3)
  2 wyverns (D:10)
  5 wraiths
  27 yaks
  Sigmund (D:2)
  2 shadows
  A fire bat (Volcano)
  2 vampires
  Eustachio (D:6)
  6 basilisks
  3 wargs (D:11)
  11 vampire mosquitoes
  Grum (D:11)
  Menkaure (D:4)
  8 water moccasins
  2 hell hounds (Volcano)
  An acid dragon (D:10)
  A sky beast (D:7)
  9 ice beasts
  8 orc warriors
  A black bear (Lair:1)
  4 ogres
  A necrophage (D:5)
  7 centaurs
  17 wolves
  A kobold brigand (D:6)
  13 bullfrogs
  2 scorpions
  A water moccasin zombie (D:4)
  A water moccasin skeleton (D:5)
  4 killer bees (D:9)
  8 wights
  4 electric eels
  A bullfrog zombie (D:5)
  8 orc priests
  A bullfrog skeleton (D:7)
  A gnoll shaman (D:7)
  4 jellies
  2 centaur skeletons
  4 iguanas
  Ijyb (D:3)
  9 orc wizards (D:11)
  2 hell rats (Lair:1)
  A killer bee zombie (D:7)
  A howler monkey zombie (D:5)
  5 gnolls (D:7)
  7 adders
  11 river rats (Lair:1)
  5 white imps
  A dart slug (D:1)
  3 worms
  26 orcs
  4 endoplasms
  2 giant cockroaches
  7 goblins
  7 hobgoblins
  4 jackals (D:1)
  13 kobolds
  2 quokkas
  5 ball pythons
  2 bats
  A frilled lizard (D:1)
  11 rats
391 creatures vanquished.

Vanquished Creatures (others)
  A two-headed ogre (Volcano)
  21 fungi
  65 plants
87 creatures vanquished.

Grand Total: 478 creatures vanquished

Notes
Turn   | Place    | Note
-------+----------+-------------------------------------------
     0 | D:1      | Ezendos the Gnoll Brigand began the quest for the Orb.
     0 | D:1      | Reached XP level 1. HP: 20/20 MP: 1/1
    90 | D:1      | Reached XP level 2. HP: 19/26 MP: 2/2
   321 | D:1      | Found a faded altar of an unknown god.
   328 | D:1      | Became a worshipper of Lugonu the Unformed
   328 | D:1      | Reached * piety under Lugonu
   328 | D:1      | Reached ** piety under Lugonu
   512 | D:1      | Reached XP level 3. HP: 30/31 MP: 3/3
  1079 | D:2      | Reached skill level 1 in Invocations
  1134 | D:2      | Noticed Sigmund
  1189 | D:2      | Reached skill level 1 in Long Blades
  1189 | D:2      | Reached skill level 1 in Axes
  1189 | D:2      | Reached skill level 1 in Maces & Flails
  1189 | D:2      | Reached skill level 1 in Polearms
  1189 | D:2      | Reached skill level 1 in Staves
  1189 | D:2      | Reached skill level 1 in Slings
  1189 | D:2      | Reached skill level 1 in Bows
  1189 | D:2      | Reached skill level 1 in Crossbows
  1189 | D:2      | Reached skill level 1 in Armour
  1189 | D:2      | Reached skill level 1 in Shields
  1189 | D:2      | Reached skill level 1 in Unarmed Combat
  1189 | D:2      | Reached skill level 1 in Spellcasting
  1189 | D:2      | Reached skill level 1 in Evocations
  1255 | D:2      | Reached XP level 4. HP: 38/38 MP: 5/5
  1765 | D:3      | Noticed Grinder
  1813 | D:2      | Killed Sigmund
  1814 | D:2      | Reached skill level 8 in Stealth
  1814 | D:2      | Reached skill level 1 in Conjurations
  1814 | D:2      | Reached skill level 1 in Hexes
  1814 | D:2      | Reached skill level 1 in Summonings
  1814 | D:2      | Reached skill level 1 in Necromancy
  1814 | D:2      | Reached skill level 1 in Translocations
  1814 | D:2      | Reached skill level 1 in Transmutations
  1814 | D:2      | Reached skill level 1 in Fire Magic
  1814 | D:2      | Reached skill level 1 in Ice Magic
  1814 | D:2      | Reached skill level 1 in Air Magic
  1814 | D:2      | Reached skill level 1 in Earth Magic
  1814 | D:2      | Reached skill level 1 in Poison Magic
  1814 | D:2      | Reached XP level 5. HP: 33/43 MP: 5/7
  1814 | D:2      | Reached XP level 6. HP: 39/50 MP: 5/8
  2259 | D:3      | Noticed Ijyb
  2260 | D:3      | Paralysed by Ijyb for 2 turns
  2269 | D:3      | Paralysed by Ijyb for 6 turns
  2277 | D:3      | Killed Ijyb
  2444 | D:3      | Paralysed by Grinder for 6 turns
  2466 | D:3      | Killed Grinder
  2467 | D:3      | Reached skill level 5 in Fighting
  2467 | D:3      | Reached skill level 5 in Short Blades
  2467 | D:3      | Reached skill level 5 in Throwing
  2467 | D:3      | Reached XP level 7. HP: 47/56 MP: 10/10
  2688 | D:4      | Noticed Menkaure
  2706 | D:4      | Reached *** piety under Lugonu
  2991 | D:4      | Found a shadowy altar of Dithmenos.
  3220 | D:4      | Killed Menkaure
  3327 | D:5      | Entered Level 5 of the Dungeon
  3456 | D:5      | Reached XP level 8. HP: 63/63 MP: 12/12
  3681 | D:5      | Noticed Prince Ribbit
  3689 | D:5      | Killed Prince Ribbit
  4252 | D:6      | Noticed Eustachio
  4291 | D:6      | Found Mevunn's Assorted Antiques.
  4318 | D:6      | Bought a golden ring for 160 gold pieces
  4318 | D:6      | Bought 2 coppery potions for 57 gold pieces
  4399 | D:6      | Reached skill level 5 in Long Blades
  4399 | D:6      | Reached skill level 5 in Axes
  4399 | D:6      | Reached skill level 5 in Maces & Flails
  4399 | D:6      | Reached skill level 5 in Polearms
  4399 | D:6      | Reached skill level 5 in Staves
  4399 | D:6      | Reached skill level 5 in Slings
  4399 | D:6      | Reached skill level 5 in Bows
  4399 | D:6      | Reached skill level 5 in Crossbows
  4399 | D:6      | Reached skill level 5 in Armour
  4399 | D:6      | Reached skill level 9 in Stealth
  4399 | D:6      | Reached skill level 5 in Shields
  4399 | D:6      | Reached skill level 5 in Unarmed Combat
  4399 | D:6      | Reached skill level 5 in Spellcasting
  4399 | D:6      | Reached skill level 5 in Evocations
  4399 | D:6      | Reached XP level 9. HP: 72/72 MP: 17/17
  4617 | D:6      | Learned a level 3 spell: Stone Arrow
  4708 | D:6      | Killed Eustachio
  4709 | D:6      | Reached XP level 10. HP: 74/79 MP: 18/18
  4862 | D:6      | Reached **** piety under Lugonu
  5094 | D:7      | Found a staircase to the Ecumenical Temple.
  5375 | D:7      | Found a runed translucent door.
  5376 | D:7      | Noticed a boulder beetle
  5376 | D:7      | Noticed a kobold demonologist
  5376 | D:7      | Noticed a two-headed ogre
  5416 | D:7      | Found a runed translucent door.
  5416 | D:7      | Found a runed translucent door.
  5416 | D:7      | Noticed a boulder beetle
  5416 | D:7      | Noticed a gargoyle
  5416 | D:7      | Noticed a brown ugly thing
  5416 | D:7      | Noticed a white ugly thing
  5432 | D:7      | Reached skill level 5 in Conjurations
  5432 | D:7      | Reached skill level 5 in Hexes
  5432 | D:7      | Reached skill level 5 in Summonings
  5432 | D:7      | Reached skill level 5 in Necromancy
  5432 | D:7      | Reached skill level 5 in Translocations
  5432 | D:7      | Reached skill level 5 in Transmutations
  5432 | D:7      | Reached skill level 5 in Fire Magic
  5432 | D:7      | Reached skill level 5 in Ice Magic
  5432 | D:7      | Reached skill level 5 in Air Magic
  5432 | D:7      | Reached skill level 5 in Earth Magic
  5432 | D:7      | Reached skill level 5 in Poison Magic
  5434 | D:7      | Identified the ring of Odauhixt {rElec rCorr MP-9 Str+10
                  | Int-2}
  5447 | D:7      | Noticed a cyclops
  5498 | Temple   | Entered the Ecumenical Temple
  5676 | D:7      | Noticed a two-headed ogre
  5693 | D:7      | Killed a two-headed ogre
  5694 | D:7      | Reached skill level 10 in Stealth
  5749 | D:7      | Noticed a cyclops
  5756 | D:7      | Killed an unseen horror
  5760 | D:7      | Killed a cyclops
  5795 | D:7      | Killed a cyclops
  5796 | D:7      | Reached XP level 11. HP: 66/86 MP: 20/20
  5820 | D:7      | Identified the ring of Cuggot {+Blink rF++ rC- Str+6 Int+3}
  5827 | D:7      | Identified the amulet of Moral Flaws {Faith rElec}
  5830 | D:7      | Identified the amulet of Tuguyts {RegenMP Stlth+}
  6122 | D:8      | Reached ***** piety under Lugonu
  6685 | D:9      | Found a transporter.
  6740 | D:9      | Noticed RandomHacker's ghost (journeyman DrFE)
  6753 | D:9      | Found a transporter.
  6771 | D:9      | Found a large runed translucent door.
  6772 | D:9      | Found a large runed translucent door.
  6786 | D:9      | Noticed a naga warrior
  7048 | D:9      | Noticed a cyclops
  7058 | D:9      | Noticed a cyclops
  7348 | D:9      | Noticed a manticore
  7452 | D:10     | Entered Level 10 of the Dungeon
  7516 | D:10     | Noticed Josephine
  7738 | D:9      | Killed Josephine
  8533 | D:10     | Noticed a manticore
  8749 | D:11     | Learned a level 2 spell: Corpse Rot
  8752 | D:11     | Learned a level 2 spell: Poisonous Vapours
  8875 | D:11     | Noticed a cyclops
  9001 | D:11     | Noticed Fannar
  9010 | D:11     | Killed Fannar
  9016 | D:11     | Noticed Grum
  9059 | D:10     | Reached XP level 12. HP: 62/94 MP: 13/22
  9093 | D:11     | Killed Grum
  9168 | D:11     | Noticed a two-headed ogre
  9184 | D:11     | Killed a two-headed ogre
  9303 | D:11     | Noticed Psyche
  9323 | D:11     | Killed Psyche
  9353 | D:11     | Found a staircase to the Lair.
  9799 | D:11     | Found a staircase to the Orcish Mines.
  9857 | Orc:1    | Entered Level 1 of the Orcish Mines
  9973 | Lair:1   | Entered Level 1 of the Lair of Beasts
 10169 | Lair:1   | Noticed a four-headed hydra
 10184 | Lair:1   | Killed a four-headed hydra
 10641 | Lair:1   | Noticed a six-headed hydra
 10703 | Lair:1   | Killed a six-headed hydra
 10704 | Lair:1   | Reached skill level 11 in Stealth
 11344 | Lair:2   | Found a dark tunnel.
 11352 | Volcano  | Entered a volcano
 11391 | Volcano  | Noticed a two-headed ogre
 11391 | Volcano  | Noticed a two-headed ogre
 11391 | Volcano  | Noticed a two-headed ogre
 11409 | Volcano  | Killed a two-headed ogre
 11410 | Volcano  | Reached XP level 13. HP: 99/101 MP: 16/25
 11607 | Volcano  | Identified the +1 pair of gloves of the Onion {Str+4 Int+2}
 11688 | Lair:2   | Noticed Urug
 11802 | Lair:2   | Killed Urug
 11979 | Lair:2   | Found a staircase to the Swamp.
 11990 | Lair:2   | Reached ****** piety under Lugonu
 12676 | Lair:2   | Identified the +1 falchion of True Grit {chaos, Fly}
 12715 | Lair:3   | Found a hole to the Spider Nest.
 13472 | Lair:4   | Reached skill level 10 in Fighting
 13472 | Lair:4   | Reached skill level 10 in Short Blades
 13472 | Lair:4   | Reached skill level 10 in Throwing
 13880 | Lair:4   | Reached XP level 14. HP: 110/110 MP: 17/26
 14872 | Lair:5   | Reached skill level 10 in Invocations
 14964 | Lair:5   | Found a staircase to the Slime Pits.
 15447 | Lair:6   | Entered Level 6 of the Lair of Beasts
 15539 | Lair:5   | HP: 4/110 [poisoned by a swamp dragon (poison gas)]
 15656 | Lair:5   | Succumbed to a swamp dragon's poison gas

Illustrated notes

Levels and vault maps discovered:
D:1:      tarquinn_simple_flora_water_e, layout_rooms, basic_ecumenical_altar,
          st_stairs_3
D:2:      layout_loops_corners, hangedman_decor_clover_reticule,
          minmay_misc_feat_tower, uniq_sigmund
D:3:      layout_loops_ring, uniq_grinder, uniq_ijyb
D:4:      layout_loops_ring, nicolae_dithmenos_the_darkroom,
          minmay_misc_feat_columns, uniq_menkaure
D:5:      layout_rooms, uniq_prince_ribbit1
D:6:      layout_basic, serial_shops, nicolae_shop_overgrown_old_shop,
          uniq_eustachio
D:7:      minmay_the_grid_triangle_9x9_rhombus_thin
          [minmay_the_grid_triangle_9x9_empty,
          minmay_the_grid_triangle_9x9_prize_special,
          minmay_the_grid_triangle_9x9_warning,
          minmay_the_grid_triangle_9x9_fully_insulated_deathbox],
          layout_cave_pools, minmay_temple_entry_statues_pillars
D:8:      layout_loops_cross, eino_curves_01
D:9:      okawaru_arena_lexackson, layout_long_grid, nzn_ghost_randoct,
          abandoned_shop
D:10:     minmay_blocky_corners, layout_layer_cave, uniq_josephine
D:11:     layout_roguey, erik_lair_orcish_takeover, david_orc_4, uniq_grum,
          uniq_fannar, uniq_psyche
Temple:   roderic_octagonal_lattice_temple
Lair:1:   layout_chaotic_city, nicolae_lair_grove_arrangements,
          wad_woods_road_02, minmay_holes, st_stairs_4,
          chequers_serial_rivers_small_b, kennysheep_rathole,
          lemuel_fruit_fields
Lair:2:   layout_chaotic_city, minmay_swamp_entry_eels,
          nicolae_volcano_entry_two_sided, ice2_lemuel, lemuel_fruit_fields,
          serial_bayou_shore_b, serial_bayou_shore_b, uniq_urug
Lair:3:   layout_misc_corridors, spider_nest_entry_webs
Lair:4:   layout_gridlike, serial_bayou_pond_b
Lair:5:   layout_gridlike, minmay_slime_entry_pillars,
          kennysheep_catoblepas_arena
Lair:6:   guppyfry_lair_end_dragon, layout_cave_pods,
          hangedman_lair_tendril_chambers, ebering_ghost_rock_garden, pond
Orc:1:    layout_caves, basic_altar

Skill      XL: |  1  2  3  4  5  6  7  8  9 10 11 12 13 14 |
---------------+-------------------------------------------+-----
Invocations    | 1 2 3 6 7 8 9 10 | 10.1
Long Blades    | 1 2 5 6 7 8 9 |  9.2
Axes           | 1 2 5 6 7 8 9 |  9.2
Maces & Flails | 1 2 5 6 7 8 9 |  9.2
Polearms       | 1 2 5 6 7 8 9 |  9.2
Staves         | 1 2 5 6 7 8 9 |  9.2
Slings         | 1 2 5 6 7 8 9 |  9.2
Bows           | 1 2 5 6 7 8 9 |  9.2
Crossbows      | 1 2 5 6 7 8 9 |  9.2
Armour         | 1 2 5 6 7 8 9 |  9.2
Shields        | 1 2 5 6 7 8 9 |  9.2
Unarmed Combat | 1 2 5 6 7 8 9 |  9.2
Spellcasting   | 1 2 5 6 7 8 9 |  9.2
Evocations     | 1 2 5 6 7 8 9 |  9.2
Dodging        | 3 4 6 7 8 9 |  9.6
Stealth        | 8 9 10 11 | 11.8
Conjurations   | 1 2 4 5 6 7 |  7.7
Hexes          | 1 2 4 5 6 7 |  7.7
Summonings     | 1 2 4 5 6 7 |  7.7
Necromancy     | 1 2 4 5 6 7 |  7.7
Translocations | 1 2 4 5 6 7 |  7.7
Transmutations | 1 2 4 5 6 7 |  7.7
Fire Magic     | 1 2 4 5 6 7 |  7.7
Ice Magic      | 1 2 4 5 6 7 |  7.7
Air Magic      | 1 2 4 5 6 7 |  7.7
Earth Magic    | 1 2 4 5 6 7 |  7.7
Poison Magic   | 1 2 4 5 6 7 |  7.7
Fighting       | 5 7 8 9 10 | 10.3
Short Blades   | 5 7 8 9 10 | 10.3
Throwing       | 5 7 8 9 10 | 10.3

Action                   |  1- 3 |  4- 6 |  7- 9 | 10-12 | 13-15 || total
-------------------------+-------+-------+-------+-------+-------++-------
Melee: Dagger            |   118 |    61 |   124 |   744 |    45 ||  1092
       Bite              |     8 |     4 |    12 |   113 |    82 ||   219
       Punch             |       |       |       |     8 |       ||     8
       Unarmed           |       |       |       |    13 |       ||    13
       Executioner's axe |       |       |       |       |   241 ||   241
       Scimitar          |       |       |       |       |   170 ||   170
       Falchion          |       |       |       |       |    10 ||    10
 Fire: Shortbow          |       |       |     7 |       |       ||     7
       Hand crossbow     |       |       |       |    34 |    21 ||    55
Throw: Dart              |    20 |    14 |     6 |    10 |       ||    50
 Cast: Stone Arrow       |       |       |     4 |     5 |       ||     9
Invok: Banish            |       |       |       |     4 |       ||     4
       Bend Space        |       |       |       |       |     3 ||     3
Evoke: Wand              |       |       |       |       |     2 ||     2
  Use: Scroll            |       |     1 |    12 |    10 |     7 ||    30
       Potion            |       |       |     1 |     2 |     5 ||     8
 Stab: Sleeping          |     5 |     4 |     8 |    11 |       ||    28
       Distracted        |       |       |     2 |       |       ||     2
       Invisible         |       |       |       |     2 |       ||     2
Armor: Robe              |    25 |    13 |    27 |    83 |       ||   148
       Acid dragon scale |       |       |       |   113 |     2 ||   115
       Skin              |       |       |       |     3 |       ||     3
       Plate armour      |       |       |       |       |   421 ||   421
       Leather armour    |       |       |       |       |     2 ||     2
Dodge: Dodged            |    51 |    25 |    53 |   485 |   516 ||  1130
Block: Kite shield       |       |       |       |   262 |   175 ||   437
       Rpst.: Scimitar   |       |       |       |       |    37 ||    37
       Falchion          |       |       |       |       |     2 ||     2

Table legend: (Time is in decaauts)
 A = Elapsed time spent in this place.
 B = Non-inter-level travel time spent in this place.
 C = Inter-level travel time spent in this place.
 D = Time resting spent in this place.
 E = Time spent auto-exploring this place.
 F = Levels seen in this place.
 G = Mean time per level.
                   A        B        C        D        E       F      G
               +--------+--------+--------+--------+--------+-----+--------+
         Total |  15529 |  14446 |   1083 |    547 |   9379 |  20 |  776.5 |
       Dungeon |   9741 |   8914 |    827 |    202 |   6092 |  11 |  885.5 |
        Temple |      1 |      1 |      0 |      0 |      0 |   1 |    1.0 |
          Lair |   5471 |   5216 |    255 |    315 |   3286 |   6 |  911.8 |
  Orcish Mines |     17 |     17 |      0 |      0 |      0 |   1 |   17.0 |
       Volcano |    297 |    297 |      0 |     30 |      0 |   1 |  297.0 |
               +--------+--------+--------+--------+--------+-----+--------+

Top non-repeatable levels by time:
  Lair:5: 1365 daAuts
  Lair:1: 1269 daAuts
    D:10: 1259 daAuts
     D:2: 1254 daAuts
  Lair:2: 1151 daAuts
    D:11: 1083 daAuts
     D:6: 1040 daAuts
     D:7: 915 daAuts
  Lair:4: 892 daAuts
     D:9: 889 daAuts
  Lair:3: 782 daAuts
     D:1: 723 daAuts
     D:4: 684 daAuts
     D:3: 639 daAuts
     D:5: 627 daAuts
